[Event "Marienbad B1-IM 2024"]
[Site "Marianske Lazne"]
[Date "2024.01.16"]
[Round "4.11"]
[White "Jurek, Josef"]
[Black "Hak, David"]
[Result "0-1"]
[ECO "E69"]
[WhiteElo "2242"]
[BlackElo "2310"]
[Annotator "TA"]
[PlyCount "66"]
[EventDate "2024.01.10"]
[EventType "tourn"]
[EventCountry "CZE"]
[SourceTitle "playchess.com"]
[Source "ChessBase"]
[SourceQuality "1"]
[TimeControl "40/5400+30:1800+30"]

1. Nf3 Nf6 2. c4 g6 3. d4 Bg7 4. g3 O-O 5. Bg2 d6 6. Nc3 Nbd7 7. O-O c6 8. e4 e5 9. h3 Qb6 10. Re1 exd4 11. Nxd4 Re8 12. Na4 Qa5 {[%emt 0:00:06][%cal Of6e4] E69: King's Indian: Fianchetto: 6...Nbd7 7 0-0 e5 8 e4 c6 9 h3.} 13. Bd2 Qc7 14. Bf4 Ne5 {[%emt 0:03:48] The position is equal.} 15. Rc1 Nfd7 16. b3 Nc5 {[%emt 0:02:38] [#]} 17. Nxc5 $146 ({Predecessor:} 17. Nb2 a5 18. Be3 a4 19. bxa4 Ned7 20. Qc2 Nb6 21. Red1 Nbxa4 22. Nxa4 Nxa4 23. Bf4 Qe7 24. Qb1 {0-1 Dezan,P-Grivas,E (2200) FRA U16-ch International 1982 (9)}) 17... dxc5 18. Bxe5 Bxe5 19. Nf3 Bf6 20. e5 {[%emt 0:08:00][%mdl 64] Deflection} Bxe5 21. Nxe5 ({White should play} 21. Qe2 $1 $11) 21... Rxe5 $15 22. Rxe5 Qxe5 23. Qd8+ Kg7 24. Rd1 Rb8 {[%emt 0:20:21][%cal Oc8h3] Threatens to win with ...Bxh3!} (24... Bg4 {simplifies} 25. Qxa8 Bxd1 26. Qxb7 Qe1+) 25. Rd6 Qe1+ $2 (25... Ra8 $1 $11 {and Black stays safe.}) 26. Kh2 $18 {[%emt 0:01:10] Qf6+ is the strong threat.} Qxf2 {[%emt 0:00:29][%cal Oc8h3] ...Bxh3! would be deadly.} 27. Qc7 $4 {[%emt 0:10:05][%mdl 8192] [#]} (27. Qe7 $18 {was the only winning move.}) 27... Bxh3 $1 $19 28. Kxh3 (28. Qxb8 $2 Qxg2#) 28... Re8 {[%emt 0:00:29] ( -> ...Qf5+)} 29. Bxc6 $2 (29. Rd7 $19 Qf5+ 30. g4 Re3+ 31. Kh2) 29... Qf5+ {[%emt 0:03:43] Black mates.} 30. Kh2 Re2+ 31. Bg2 Qh5+ ({Worse is} 31... Rxa2 32. Rd5 Qe4 33. Qe5+ Qxe5 34. Rxe5 $11) 32. Kg1 Re1+ 33. Bf1 Qf3 {[%emt 0:00:14][%csl LRf1,LRg3] Weighted Error Value: White=0.68/Black=0.13 (very precise)} 0-1

[Event "Marienbad B1-IM 2024"]
[Site "Marianske Lazne"]
[Date "2024.01.16"]
[Round "4.12"]
[White "Kulkarni Bhakti"]
[Black "Dobrowolski, Piotr"]
[Result "1/2-1/2"]
[ECO "A35"]
[WhiteElo "2364"]
[BlackElo "2401"]
[Annotator "TA"]
[PlyCount "31"]
[EventDate "2024.01.10"]
[EventType "tourn"]
[EventCountry "CZE"]
[SourceTitle "playchess.com"]
[Source "ChessBase"]
[SourceQuality "1"]
[TimeControl "40/5400+30:1800+30"]

1. Nf3 c5 2. c4 Nc6 3. Nc3 Nf6 4. e3 e5 5. d4 e4 {[%emt 0:00:25] The position is equal.} 6. d5 {[%emt 0:00:19] Hoping for Ng5. A34: Symmetrical English: 2 Nc3, lines with ...d5.} exf3 7. dxc6 dxc6 {[%emt 0:00:13] 7...bxc6 is vanishing.} 8. Qxd8+ Kxd8 9. gxf3 g6 {[%emt 0:01:54] [#] A rather calm draw.} {Predecessor:} 10. b3 $146 Bg7 11. Bb2 Ke7 12. O-O-O Be6 13. Be2 Rhd8 14. f4 Rxd1+ 15. Rxd1 b6 16. Bf3 {0-1 Predke,A (2673)-Karjakin,S (2757) Moscow Smyslov Region Group Cup blitz 2021 (7)} 1/2-1/2

[Event "Marienbad B1-IM 2024"]
[Site "Marianske Lazne"]
[Date "2024.01.16"]
[Round "4.13"]
[White "Zdybel, Przemyslaw"]
[Black "Lima, Stefan Moisei VIeira"]
[Result "1-0"]
[ECO "D92"]
[WhiteElo "2180"]
[BlackElo "2173"]
[Annotator "NA RC"]
[PlyCount "57"]
[EventDate "2024.01.10"]
[EventType "tourn"]
[EventCountry "CZE"]
[SourceTitle "playchess.com"]
[Source "ChessBase"]
[SourceQuality "1"]
[TimeControl "40/5400+30:1800+30"]

1. d4 Nf6 2. c4 g6 3. Nc3 d5 4. Nf3 Bg7 5. Bf4 O-O 6. Rc1 Be6 7. e3 dxc4 8. Ng5 Bd5 9. e4 h6 10. exd5 hxg5 11. Bxg5 Nxd5 12. Bxc4 Nb6 13. Bb3 Nc6 14. d5 Nd4 15. O-O Qd7 16. Re1 Rfe8 17. h4 Rad8 18. a4 a5 19. Ba2 Nc8 20. Ne4 b6 21. h5 gxh5 22. Qxh5 Nd6 23. Bb1 N6f5 24. Nc3 Qc8 25. Re4 Rd6 26. Rce1 Qd7 27. Rf4 Rg6 28. g4 Qd6 29. Rxf5 1-0

[Event "Marienbad B1-IM 2024"]
[Site "Marianske Lazne"]
[Date "2024.01.16"]
[Round "4.14"]
[White "Ashwath, R.."]
[Black "Ni, Viktorija"]
[Result "1-0"]
[ECO "E70"]
[WhiteElo "2284"]
[BlackElo "2138"]
[Annotator "NA RC"]
[PlyCount "53"]
[EventDate "2024.01.10"]
[EventType "tourn"]
[EventCountry "CZE"]
[SourceTitle "playchess.com"]
[Source "ChessBase"]
[SourceQuality "1"]
[TimeControl "40/5400+30:1800+30"]

1. d4 Nf6 2. c4 g6 3. Nc3 Bg7 4. e4 d6 5. h4 c5 6. d5 h6 7. Be2 e6 8. h5 g5 9. f4 gxf4 10. Bxf4 e5 11. Bd2 b5 12. cxb5 a6 13. Nf3 Rg8 14. Nh4 Nh7 15. bxa6 Bf6 16. Bb5+ Ke7 17. Qf3 Rg4 18. Nf5+ Bxf5 19. Qxf5 Qg8 20. O-O-O Rf4 21. Bxf4 exf4 22. Na4 Ra7 23. Nb6 Qxg2 24. Nc4 Nxa6 25. e5 dxe5 26. d6+ Kd8 27. Rhg1 1-0

[Event "Marienbad B1-IM 2024"]
[Site "Marianske Lazne"]
[Date "2024.01.16"]
[Round "4.15"]
[White "Rasmussen, Casper"]
[Black "Ochedzan, Tymon"]
[Result "1/2-1/2"]
[ECO "A05"]
[WhiteElo "2265"]
[BlackElo "2166"]
[Annotator "RC"]
[PlyCount "34"]
[EventDate "2024.01.10"]
[EventType "tourn"]
[EventCountry "CZE"]
[SourceTitle "playchess.com"]
[Source "ChessBase"]
[SourceQuality "1"]
[TimeControl "40/5400+30:1800+30"]

1. Nf3 Nf6 2. c4 g6 3. g3 Bg7 4. Bg2 O-O 5. O-O d6 6. d4 Nc6 7. Nc3 Rb8 8. b3 a6 9. a4 a5 10. h3 Nb4 11. e4 e5 12. Bg5 c6 13. Qd2 Re8 14. Rad1 Qc7 15. Rfe1 b6 16. Kh2 Ra8 17. Re2 Rb8 1/2-1/2

[Event "Marienbad B1-IM 2024"]
[Site "Marianske Lazne"]
[Date "2024.01.16"]
[Round "5.11"]
[White "Ochedzan, Tymon"]
[Black "Jurek, Josef"]
[Result "1-0"]
[ECO "C10"]
[WhiteElo "2166"]
[BlackElo "2242"]
[Annotator "NA RC"]
[PlyCount "33"]
[EventDate "2024.01.10"]
[EventType "tourn"]
[EventCountry "CZE"]
[SourceTitle "playchess.com"]
[Source "ChessBase"]
[SourceQuality "1"]
[TimeControl "40/5400+30:1800+30"]

1. e4 e6 2. d4 d5 3. Nc3 Nc6 4. Nf3 Nf6 5. e5 Ne4 6. Ne2 Bd7 7. Nf4 f6 8. Bd3 fxe5 9. dxe5 Qe7 10. O-O O-O-O 11. c4 g5 12. cxd5 exd5 13. Nxd5 Qc5 14. Bxe4 Be6 15. Bxg5 Bxd5 16. Bf5+ Kb8 17. Bxd8 1-0

[Event "Marienbad B1-IM 2024"]
[Site "Marianske Lazne"]
[Date "2024.01.16"]
[Round "5.12"]
[White "Ni, Viktorija"]
[Black "Rasmussen, Casper"]
[Result "0-1"]
[ECO "D00"]
[WhiteElo "2138"]
[BlackElo "2265"]
[Annotator "RC"]
[PlyCount "156"]
[EventDate "2024.01.10"]
[EventType "tourn"]
[EventCountry "CZE"]
[SourceTitle "playchess.com"]
[Source "ChessBase"]
[SourceQuality "1"]
[TimeControl "40/5400+30:1800+30"]

1. d4 d5 2. Bf4 Nf6 3. e3 e6 4. Nf3 c5 5. c3 Nc6 6. Nbd2 Nh5 7. Bg5 Be7 8. Bxe7 Qxe7 9. Ne5 Nxe5 10. Qxh5 Nc6 11. Bb5 Bd7 12. O-O g6 13. Qh6 O-O-O 14. Nb3 c4 15. Bxc6 Bxc6 16. Nd2 f6 17. f4 Rhg8 18. Nf3 Rdf8 19. g4 g5 20. fxg5 e5 21. Qh3 Qe6 22. Kh1 e4 23. Nh4 Rxg5 24. Rf5 Rfg8 25. Rxg5 Rxg5 26. Nf5 h5 27. Ng3 Bd7 28. Nxh5 Rxg4 29. Ng3 Qg8 30. Qh6 Rg6 31. Qf4 Bg4 32. Rf1 Bf3+ 33. Kg1 Qe6 34. Rf2 Qd7 35. Rd2 b6 36. Kf2 Kb7 37. Qf5 Qf7 38. Kg1 Rg5 39. Qf4 Qe6 40. Kf1 a5 41. Rf2 Qc6 42. Rd2 b5 43. Nf5 Qe6 44. Ng3 b4 45. a3 Qb6 46. Kf2 Ka6 47. h4 Rg4 48. Qf5 Qd6 49. Qc8+ Kb6 50. Qc5+ Qxc5 51. dxc5+ Kxc5 52. Nf5 bxc3 53. bxc3 Rg2+ 54. Ke1 Rg1+ 55. Kf2 Rc1 56. Ne7 Rxc3 57. Rxd5+ Kb6 58. Rd6+ Kb5 59. Rd5+ Ka4 60. Nc6 Kxa3 61. Rxa5+ Kb2 62. Nd4 Rd3 63. Rb5+ Kc1 64. h5 Rd2+ 65. Kg3 Rg2+ 66. Kf4 c3 67. Nxf3 exf3 68. Kxf3 Rb2 69. Rc5 c2 70. Kf4 Kd2 71. Rd5+ Ke2 72. Rc5 Kd3 73. e4 Rb5 74. Rc6 Rxh5 75. Kg4 Re5 76. Kf3 f5 77. exf5 Rxf5+ 78. Kg2 Rf4 0-1

[Event "Marienbad B1-IM 2024"]
[Site "Marianske Lazne"]
[Date "2024.01.16"]
[Round "5.13"]
[White "Lima, Stefan Moisei VIeira"]
[Black "Ashwath, R.."]
[Result "1/2-1/2"]
[ECO "A13"]
[WhiteElo "2173"]
[BlackElo "2284"]
[Annotator "NA RC"]
[PlyCount "28"]
[EventDate "2024.01.10"]
[EventType "tourn"]
[EventCountry "CZE"]
[SourceTitle "playchess.com"]
[Source "ChessBase"]
[SourceQuality "1"]
[TimeControl "40/5400+30:1800+30"]

1. c4 e6 2. g3 Nf6 3. Bg2 d5 4. Nf3 dxc4 5. Qa4+ c6 6. Qxc4 b5 7. Qb3 Bb7 8. d4 a6 9. a4 Nbd7 10. O-O c5 11. axb5 Bd5 12. Qc2 Be4 13. Qb3 Bd5 14. Qc2 axb5 1/2-1/2

[Event "Marienbad B1-IM 2024"]
[Site "Marianske Lazne"]
[Date "2024.01.16"]
[Round "5.14"]
[White "Dobrowolski, Piotr"]
[Black "Zdybel, Przemyslaw"]
[Result "1-0"]
[ECO "B06"]
[WhiteElo "2401"]
[BlackElo "2180"]
[Annotator "TA"]
[PlyCount "81"]
[EventDate "2024.01.10"]
[EventType "tourn"]
[EventCountry "CZE"]
[SourceTitle "playchess.com"]
[Source "ChessBase"]
[SourceQuality "1"]
[TimeControl "40/5400+30:1800+30"]

1. e4 g6 2. d4 Bg7 3. Nc3 c6 4. h4 d5 5. exd5 cxd5 6. h5 {[%emt 0:00:27] B06: Modern Defence.} Nc6 7. Bb5 Nh6 8. Nge2 {[%emt 0:18:50] [#] White is slightly better.} Qd7 $146 ({Black should play} 8... e6 $14) ({Predecessor:} 8... a6 9. Bxc6+ bxc6 10. Na4 Nf5 11. c3 Nd6 12. Nc5 O-O 13. Bf4 Re8 14. Nd3 f6 15. hxg6 hxg6 {½-½ Nagel,M (1763)-Benninger,R (1978) Heusenstamm Schloss op 2022 (3)}) 9. Bxh6 Bxh6 10. hxg6 hxg6 {[%emt 0:00:05] [#]} 11. Qc1 $1 Bg7 12. Rxh8+ Bxh8 {[%emt 0:00:03] [#]} 13. Qh6 $1 Bf6 14. Nf4 $40 {[%emt 0:05:49][%mdl 128] Black needs to defend precisely.} e6 (14... Bxd4 $2 15. O-O-O Bxc3 16. Nxd5 $18) 15. Kf1 {[%emt 0:06:54] White is much more active.} (15. O-O-O $14) 15... Kd8 $2 {[%emt 0:16:36] [#] White stays focused until the end.} ({But not} 15... Bxd4 16. Nfxd5 Qd6 17. Rd1 exd5 18. Rxd4 $16) (15... a6 $1 $11 {and Black is okay.} 16. Bxc6 bxc6) 16. Nxg6 $1 $18 fxg6 (16... Qe8 $142) (16... Bxd4 17. Bxc6) 17. Qf8+ Kc7 18. Qxf6 Qh7 19. Bxc6 Kxc6 {[%emt 0:07:21] Black is weak on the dark squares} 20. Kg1 {[%emt 0:01:41] Repels Qh1+} Bd7 21. Re1 {[%emt 0:01:00] Rxe6+ is the strong threat.} Rh8 22. f3 Qh1+ 23. Kf2 Qh4+ 24. Qxh4 Rxh4 {[%emt 0:00:02][%mdl 4096] Endgame [#] KRB-KRN} 25. Ne2 Kd6 26. c3 b5 27. Nc1 b4 28. Nd3 (28. cxb4 Rxd4 29. a3 Rd2+ 30. Re2 Rxe2+ 31. Kxe2 (31. Nxe2 e5 $14) 31... e5 $14) 28... bxc3 29. bxc3 Rh8 30. Rb1 Bc6 (30... Rc8 $142 31. Rb3 Rc7) 31. Ne5 {[%emt 0:00:41] Black must now prevent Nf7+.} Rg8 32. Rb3 {[%emt 0:00:26] Strongly threatening Ra3.} Rg7 (32... Kc7 $142 33. Ra3 Kb6 34. Nxc6 Kxc6 35. Ra6+ (35. Rxa7 Rc8 $18) 35... Kd7 36. Rxa7+ Kd6 37. Ra6+ Kd7) 33. Ra3 {[%emt 0:00:17] Threatens to win with Ra6.} Bb5 {[%emt 0:00:09] Against Ra6+} 34. Ke3 a6 35. Rb3 {[%emt 0:00:17][%cal Oa2a4] aiming for a4!} Kc7 36. Rb1 Kd6 $2 {[%emt 0:02:13] [#]} (36... g5 {is a better defense.} 37. Rh1 Kd6) 37. a4 $1 {[%emt 0:00:50][%mdl 512] White is clearly winning.} Bxa4 (37... Be8 38. Rb6+) 38. Rb6+ Ke7 39. Rxa6 Be8 40. Ra7+ Kf8 41. Rxg7 {[%emt 0:30:30] Weighted Error Value: White=0.14 (very precise) /Black=0.45} 1-0

[Event "Marienbad B1-IM 2024"]
[Site "Marianske Lazne"]
[Date "2024.01.16"]
[Round "5.15"]
[White "Hak, David"]
[Black "Kulkarni Bhakti"]
[Result "0-1"]
[ECO "A40"]
[WhiteElo "2310"]
[BlackElo "2364"]
[Annotator "TA"]
[PlyCount "130"]
[EventDate "2024.01.10"]
[EventType "tourn"]
[EventCountry "CZE"]
[SourceTitle "playchess.com"]
[Source "ChessBase"]
[SourceQuality "1"]
[TimeControl "40/5400+30:1800+30"]

1. d4 e6 2. Nf3 f5 3. g3 Nf6 4. Bg2 d5 5. O-O Be7 {[%emt 0:01:00] [#]} 6. c4 $1 Ne4 $1 {[%emt 0:02:07][%mdl 4] now scores much better than the old 6...0-0. A92: Classical Dutch: Classical Stonewall (with ...Be7): Early deviations.} (6... O-O 7. Nc3) 7. Nc3 c6 {[%emt 0:03:02] [#]} 8. Rb1 $146 ({Predecessor:} 8. Qc2 Nd7 9. Rb1 a5 10. a3 O-O 11. Bf4 g5 12. Bd2 Bf6 13. e3 Rf7 14. Rfc1 {½-½ Caruana,F (2792)-Rapport,R (2763) Gashimov Memorial Blitz 7th 2021 (3)}) 8... Nd7 {[%emt 0:02:41] The position is equal.} 9. Nd2 Nd6 10. b4 Nf6 (10... Nxc4 11. Nxc4 dxc4 12. b5 cxb5 13. Nxb5 $14) 11. b5 O-O 12. bxc6 bxc6 13. Qa4 Qc7 14. Ba3 (14. c5 $5 Nf7 15. Nf3 $14) 14... Bd7 15. Bc5 Rfb8 16. Rb3 Nc8 (16... Be8 $14) 17. Qa3 Be8 18. Rfb1 {[%emt 0:00:58] Rxb8 is the strong threat.} Bxc5 19. Qxc5 {[%emt 0:00:14][%cal Rc4d5] Threatens to win with cxd5.} Rxb3 20. Rxb3 {[%emt 0:00:44][%cal Rc4d5] aiming for cxd5.} Qd6 21. Qa5 (21. Na4 $14 {is more appropriate.}) 21... dxc4 $11 22. Nxc4 Qxd4 23. Ne5 Nd6 24. Nf3 (24. Nxc6 $2 Bxc6 25. Qb4 Qxb4 26. Rxb4 Rc8 27. Bxc6 Rxc6 $19) (24. e3 {feels hotter.} Qd2 25. Qc7 Ng4 26. Nxg4 fxg4 27. Rb1) 24... Qc4 25. Bf1 (25. Ne5 $5 Qd4 $8 26. Nf3 $11 (26. Bxc6 Ng4 $11) (26. Nxc6 $2 Bxc6 27. Qb4 Qxb4 $19)) 25... Nfe4 26. Nxe4 (26. Qe5 {is more complex.} Qc5 27. Nxe4 Nxe4 28. e3) 26... fxe4 27. Nd2 Qd5 28. Qc3 Rd8 {[%emt 0:00:24] ...Nb5 would be deadly.} 29. Qe3 (29. Rb2 $11 {remains equal.}) 29... Nf5 $17 30. Qxe4 Qxd2 31. Qxe6+ Bf7 32. Qxf5 Bxb3 33. axb3 {[%emt 0:00:02][%mdl 4096] Endgame KQR-KQB} Qc1 34. Qe6+ Kh8 35. Qe7 Qd1 36. e4 a5 37. Qc7 Rf8 38. Qxa5 Qf3 {[%emt 0:00:53] Repels Qc3} ({Black should try} 38... Qc2 $15 39. Qe1 Qxb3) 39. Qc5 $11 h6 {[%emt 0:00:46] [#]} (39... Re8 $11) 40. Be2 $1 $14 {[%emt 0:00:44][%mdl 64] Deflection} Qf7 41. Bh5 (41. Qxc6 Qxf2+ 42. Kh1 Qxe2 43. Qc5 Qf3+ 44. Kg1 Qf1#) 41... Qf6 (41... Qg8 $1 $14) 42. e5 $1 $16 Qf5 43. Bg6 $36 {[%emt 0:07:02][%mdl 2112] Deflection. White has strong initiative.} Qf3 {[%emt 0:01:42] [#]} (43... Qc8 $16) 44. Be4 $1 $18 {[%emt 0:01:28][%mdl 576] Double Attack} Qd1+ (44... Qf7 45. b4) 45. Kg2 Rc8 46. e6 {[%emt 0:07:44] White wants to mate with Qf5.} (46. Bxc6 Qxb3 47. Qe7 Qc2 $11) 46... Qg4 47. Qe5 (47. Bxc6 Qxe6 48. Bd5 Qe4+ 49. Bxe4 Rxc5 $15) (47. Bf5 $18 Qg5 48. b4) 47... Re8 $16 48. Bf5 (48. Bxc6 $6 Qxe6 49. Qb5 Rc8 $11) (48. e7 Qd7 $11) 48... Qg5 49. Qe4 $1 Rb8 $2 (49... Rc8 $16 50. h4 (50. e7 Re8 $14) 50... Qf6) 50. Bg6 $18 {[%emt 0:01:46] Strongly threatening e7.} Qe7 51. Qxc6 {[%emt 0:00:38] Black must now prevent Kh3.} Rd8 $2 (51... Qb7 52. Be4 Qe7) 52. Qe4 Kg8 53. b4 Rd2 54. Bf7+ Kf8 55. b5 $2 (55. Bh5 $18 {is more deadly. Hoping for Qf4+.} Rd6 56. Qf4+ Kg8 57. Bf7+ Kf8 58. b5) 55... Qd6 (55... Qc5 $16 56. e7+ (56. Qa8+ Ke7 $16) 56... Qxe7) 56. Qf3 $2 ({Better is} 56. b6 $18) 56... Rd3 $2 {[%emt 0:00:49][%mdl 8192] Active counter play!} (56... Qd3 $11 {and Black is okay.}) 57. Qa8+ ({Inferior is} 57. e7+ Kxe7 58. Qh5 Kd8 $11) 57... Qd8 {[%emt 0:00:27] [#]} 58. Qe4 Ke7 {[%emt 0:00:27] [#]} 59. Qh4+ $2 ({Only move:} 59. Kh3 $1 $18) 59... g5 $11 {[%emt 0:01:30] Chess con chili.} 60. Qxh6 $2 (60. Qb4+ $11 Qd6 61. Qxd6+ Rxd6 62. Kf3) 60... Qd5+ 61. Kh3 Qf5+ (61... Qxb5 $2 62. Qh7 (62. Bg6 Rf3 $16) 62... Kf6 63. Bg6 g4+ 64. Kg2 $18) 62. Kg2 Rd2 {[%emt 0:02:05] Black mates.} (62... Qxb5 $2 63. Qh7 Kd6 64. Qg6 $16) 63. Qg7 Qxf2+ 64. Kh3 Qf5+ 65. g4 Qf3# {[%emt 0:00:04] Black used his chance. Excellently played by Kulkarni Bhakti!   Weighted Error Value: White=0.54/Black=0.36} 0-1

[Event "Marienbad B1-IM 2024"]
[Site "Marianske Lazne"]
[Date "2024.01.17"]
[Round "6.11"]
[White "Jurek, Josef"]
[Black "Kulkarni Bhakti"]
[Result "0-1"]
[ECO "A05"]
[WhiteElo "2242"]
[BlackElo "2364"]
[Annotator "TA"]
[PlyCount "52"]
[EventDate "2024.01.10"]
[EventType "tourn"]
[EventCountry "CZE"]
[SourceTitle "playchess.com"]
[Source "ChessBase"]
[SourceQuality "1"]
[TimeControl "40/5400+30:1800+30"]

1. Nf3 Nf6 2. c4 e6 3. g3 d5 4. Bg2 d4 5. O-O c5 6. e3 Nc6 7. exd4 cxd4 8. d3 Bd6 {[%emt 0:00:35] A13: English Opening: 1...e6.} 9. Bg5 h6 10. Bxf6 Qxf6 {[%emt 0:00:08] The position is equal.} 11. Nbd2 Qe7 12. Re1 O-O 13. a3 a5 $1 14. Nb3 {[%emt 0:01:39] 14.Rc1 deserves study.} Qf6 15. Nfd2 Bc7 {[%emt 0:06:32] [#]} 16. f4 $146 (16. Rc1 $11) ({Predecessor:} 16. Nc5 Qe7 17. Na4 Bd7 18. Nb3 b6 19. Bxc6 Bxc6 20. Nxd4 Bb7 21. Nb5 Qd7 22. Qe2 {1-0 Aronian,L (2785)-Robson,R (2681) American Cup-ch 2022 (1.1)}) 16... e5 $15 17. fxe5 Nxe5 18. Ne4 Qg6 19. Nf2 f5 {[%emt 0:10:56] Threatens to win with ...f4.} 20. Nd2 $2 {[%emt 0:08:48] [#] Loses the game.} (20. Nh3 $1 $15) 20... f4 $1 $19 21. Nde4 (21. Nfe4) 21... fxg3 {[%emt 0:04:14] Black is clearly winning.} 22. hxg3 Bg4 23. Qb3 Nf3+ 24. Kf1 {[%emt 0:00:19] [#] White is weak on the dark squares} Bxg3 $1 {[%emt 0:02:09][%mdl 576] Deflection. A strong pair of Bishops.} 25. Qxb7 (25. Re2 Nh2+) 25... Nh2+ 26. Kg1 Bxf2+ {[%emt 0:00:16] Weighted Error Value: White=1.40/Black=0.06 (flawless)} 0-1

[Event "Marienbad B1-IM 2024"]
[Site "Marianske Lazne"]
[Date "2024.01.17"]
[Round "6.12"]
[White "Zdybel, Przemyslaw"]
[Black "Hak, David"]
[Result "1-0"]
[ECO "E42"]
[WhiteElo "2180"]
[BlackElo "2310"]
[Annotator "TA"]
[PlyCount "111"]
[EventDate "2024.01.10"]
[EventType "tourn"]
[EventCountry "CZE"]
[SourceTitle "playchess.com"]
[Source "ChessBase"]
[SourceQuality "1"]
[TimeControl "40/5400+30:1800+30"]

1. d4 Nf6 2. c4 e6 3. Nc3 Bb4 4. e3 c5 5. Nge2 cxd4 6. exd4 O-O 7. a3 Be7 8. d5 exd5 9. cxd5 Bc5 10. b4 {[%emt 0:01:14] 10.b4 is better than 10.Na4.} Bb6 {[%emt 0:02:43] White must now prevent ...Ng4. E42: Nimzo-Indian: Rubinstein: 4...c5 5 Ne2.} 11. Ng3 Re8+ 12. Be2 Ng4 {[%emt 0:02:40] [#]} (12... d6 $11) 13. Nge4 $1 $16 {[%emt 0:30:20] [#]} Nxf2 $146 {[%emt 0:20:47][%mdl 64] Decoy} ({Predecessor:} 13... d6 14. Bxg4 f5 15. O-O fxe4 16. Bxc8 Qxc8 17. Nb5 Qd7 18. Nd4 Na6 19. Ne6 Nc7 20. Nxc7 Qxc7 {0-1 Chiku Ratte,O (2086)-Sambuev,B (2555) Montreal Pere Noel op 2010 (2)}) 14. Nxf2 Qf6 15. Nfe4 Rxe4 16. Nxe4 Qxa1 {[%emt 0:00:13] Black is weak on the light squares} 17. Qc2 Na6 {[%emt 0:00:25] [#]} 18. Qb2 (18. d6 $1 $16 {aiming for Ng5.} Be3 19. Nd2) 18... Qxb2 19. Bxb2 {[%emt 0:00:02] d6 would be deadly.} Nc7 20. Bc4 d6 {[%emt 0:01:24] Prevents Be5} 21. Nxd6 Bg4 22. Rf1 ({Much weaker is} 22. Nxb7 Nxd5 23. Bxd5 Re8+ 24. Kd2 Re2+ 25. Kc1 Bf5 26. Bxf7+ Kxf7 27. Nd6+ Kg6 28. Nxf5 Kxf5 $11) 22... Bh5 23. Nxb7 {[%emt 0:02:26] White is much more active.} (23. Be5 $16) 23... Re8+ $11 24. Kd2 {[%emt 0:00:06] And now d6 would win.} Be3+ $2 {[%emt 0:02:00][%mdl 8192] White leaves nothing to chance now.} (24... Nxd5 $1 $11 {and Black stays safe.} 25. Bxd5 Re2+ 26. Kc3 Re3+ 27. Kd2 Re2+ 28. Kc3 Re3+ 29. Kd2 Re2+) 25. Kc2 {[%emt 0:03:51] Strongly threatening d6.} Bg6+ 26. Kb3 Rb8 $2 (26... Bb6 27. d6 Re3+ 28. Ka2 Ne6) 27. Na5 $18 Rd8 28. Nc6 Rd7 29. Ne5 Rd6 30. Nxg6 hxg6 31. Re1 Bb6 32. a4 Bf2 33. Re2 Bh4 34. Be5 {[%emt 0:02:18] This pair of bishops is nice.} Rd7 35. d6 Ne6 36. Bxe6 fxe6 {[%emt 0:00:01][%mdl 4096] Endgame KRB-KRB} 37. Rc2 Bd8 38. b5 Kf7 39. Kb4 Ke8 40. a5 Rf7 {[%emt 0:00:18] Prevents Rc7.} 41. Rc6 Rf5 42. Bg3 (42. Bxg7 Rf4+ 43. Rc4 Bxa5+ 44. Kb3 Rf5 $14) 42... Rf1 43. Ra6 Rb1+ 44. Kc4 Rc1+ 45. Kd3 Rd1+ 46. Ke4 Rd5 47. Rxa7 {[%emt 0:00:24] Threatens to win with b6.} Rxb5 48. a6 {[%emt 0:00:55][%cal Oa7b7] Hoping for Rb7!} ({Not} 48. Rxg7 Rxa5 49. Rxg6 Kf7 $18) 48... Ra5 49. Bf2 (49. Rb7 $142 Rxa6 50. Ke5 (50. Rxg7 Bf6 $18)) 49... Ra2 50. d7+ Kf7 51. Bc5 {[%emt 0:00:12] Threatening mate with Ra8. White is clearly winning.} Ra4+ 52. Kd3 Ra1 53. Ra8 Rd1+ 54. Kc4 Rxd7 55. a7 {[%emt 0:00:13] Intending Rc8 and mate.} Be7 56. Rc8 {[%emt 0:00:46] Weighted Error Value: White=0.15 (very precise) /Black=0.59} 1-0

[Event "Marienbad B1-IM 2024"]
[Site "Marianske Lazne"]
[Date "2024.01.17"]
[Round "6.13"]
[White "Ashwath, R.."]
[Black "Dobrowolski, Piotr"]
[Result "1/2-1/2"]
[ECO "A05"]
[WhiteElo "2284"]
[BlackElo "2401"]
[Annotator "TA"]
[PlyCount "32"]
[EventDate "2024.01.10"]
[EventType "tourn"]
[EventCountry "CZE"]
[SourceTitle "playchess.com"]
[Source "ChessBase"]
[SourceQuality "1"]
[TimeControl "40/5400+30:1800+30"]

1. Nf3 Nf6 2. c4 g6 3. b3 Bg7 4. Bb2 O-O 5. g3 c6 6. Bg2 d5 7. O-O a5 8. d3 Na6 {[%emt 0:02:36] 8...Bg4 is a critical line.} 9. cxd5 {[%emt 0:07:28] A11: English Opening: 1...c6.} cxd5 10. Nc3 {[%emt 0:02:16] [#]} {Predecessor:} Nb4 $146 11. a3 Nc6 12. Rc1 e5 13. Nb5 Qe7 14. a4 Rd8 15. Ba3 Nb4 16. Rc7 Rd7 {1-0 Andreikin,D (2729)-Postlmayer,J (2347) Titled Tuesday intern op 16th May Early blitz 2023 (1)} 1/2-1/2